 Dungeon Crawl Stone Soup version 0.29.1-12-g30fa7ad0bf (webtiles) character file.

Game seed: 13259370200374613618

543 scionoferis the Changer (level 7, -2/43 HPs)
             Began as an Octopode Transmuter on Dec 23, 2022.
             Slain by a gnoll
             ... wielding a +0 spear
             ... led by a gnoll bouda
              (8 damage)
             ... on level 5 of the Dungeon.
             The game lasted 00:19:02 (5651 turns).

scionoferis the Changer (Octopode Transmuter)       Turns: 5651, Time: 00:19:02

Health: -2/43      AC:  1    Str: 12    XL:     7   Next: 27%
Magic:  10/10      EV: 13    Int: 15    God:
Gold:   255        SH:  0    Dex: 12    Spells: 3/10 levels left

rFire   . . .      SeeInvis .   b - +0 sling
rCold   . . .      Faith    .   (no shield)
rNeg    . . .      Spirit   .   (helmet restricted)
rPois   .          Reflect  .   c - amulet of regeneration
rElec   .          Harm     .   s - ring of resist corrosion
rCorr   +          Rampage  .   (no ring)
Will    .....                   (no ring)
Stlth   +++.......              (no ring)
HPRegen 0.94/turn               (no ring)
MPRegen 0.12/turn               (no ring)
                                (no ring)
                                (no ring)

@: slowed, very slow
A: almost no armour, amphibious, 8 rings, camouflage 1, gelatinous body 1,
(nimble swimmer 1), tentacles
a: no special abilities


You were on level 5 of the Dungeon.
You visited 2 branches of the dungeon, and saw 6 of its levels.

You collected 255 gold pieces.


Innate Abilities, Weirdness & Mutations

You cannot wear most types of armour.
You are amphibious.
You can wear up to eight rings at the same time.
Your skin changes colour to match your surroundings (Stealth+).
Your rubbery body absorbs attacks. (AC +1, EV +1)
((You are camouflaged when in or above water. (Stealth+)))
You have tentacles for arms and can constrict up to eight enemies at once.


   Skills:
 - Level 1.0 Fighting
 - Level 2.0 Dodging
 - Level 4.0 Stealth
 - Level 3.0 Unarmed Combat
 - Level 2.0 Spellcasting
 + Level 6.1 Transmutations
 + Level 3.4 Ice Magic


You had 3 spell levels left.
You knew the following spells:

 Your Spells              Type           Power      Damage    Failure   Level
a - Beastly Appendage     Tmut           38%        N/A       1%          1
b - Wereblood             Tmut           19%        N/A       2%          2
c - Ice Form              Ice/Tmut       15%        N/A       30%         4

Your spell library contained the following spells:

 Spells                   Type           Power      Damage    Failure   Level
 Freeze                   Ice            44%        1d6       5%          1
 Frozen Ramparts          Ice            22%        1d4       16%         3
 Spider Form              Tmut/Pois      10%        N/A       19%         3
 Hailstorm                Conj/Ice       6%         3d4       73%         4

Inventory:

Hand Weapons
 a - a +2 dagger of electrocution
   (You took it off a kobold on level 4 of the Dungeon)
 b - a +0 sling (weapon)
   (You found it on level 2 of the Dungeon)
 B - a +0 war axe
   (You found it on level 2 of the Dungeon)
Missiles
 m - 17 poisoned darts
 p - 2 silver javelins
 A - 6 javelins
Jewellery
 c - an amulet of regeneration (around mantle)
   (You found it on level 4 of the Dungeon)
 s - a ring of resist corrosion (left tentacle)
   (You found it on level 2 of the Dungeon)
 v - an amulet of magic regeneration
   (You found it on level 2 of the Dungeon)
Wands
 q - a wand of flame (29)
   (You found it on level 2 of the Dungeon)
Scrolls
 d - a scroll of teleportation
 g - 3 scrolls of enchant armour {unknown}
 h - a scroll of summoning
 o - a scroll of blinking
 r - 2 scrolls of torment {unknown}
 t - a scroll of enchant weapon {unknown}
 w - a scroll of fog {unknown}
 x - 2 scrolls of fear {unknown}
 y - a scroll of vulnerability {unknown}
 z - a scroll of brand weapon {unknown}
 D - a scroll of noise {unknown}
Potions
 e - a potion of mutation
 f - 2 potions of haste
 i - 4 potions of brilliance
 j - 2 potions of invisibility
 k - 3 potions of curing
 l - a potion of ambrosia
 n - a potion of lignification
 u - a potion of heal wounds {unknown}
 C - a potion of might {unknown}

Dungeon Overview and Level Annotations

Branches:
Dungeon (5/15)             Temple (1/1) D:4

Altars:
Ashenzari
Cheibriados
Dithmenos
Elyvilon
Fedhas
Gozag
Hepliaklqana
Kikubaaqudgha
Makhleb
Nemelex Xobeh
Okawaru
Qazlal
Sif Muna
Trog
Uskayaw
Vehumet
Xom
Yredelemnul
Zin
The Shining One

..# #..# ###
#g## #. #.#
..#.
..#.#######
'......[...#
'...#.....<#
....)K.oh@#
...W...gK[#
........o.####
.......goo...#
.......o.....#
........>....#
.............#
.......$.(..#
......#..####


You could see 2 kobold brigands, 2 gnolls, a friendly phantom (summoned), a
friendly hound (summoned), a friendly orc priest (summoned), a friendly orc
wizard (summoned) and 3 friendly orcs.


Message History

Found 6 javelins.
A dart slug comes into view.
The helpless dart slug fails to defend itself.
You slash the dart slug! You grab the dart slug. You squeeze the dart slug.
You kill the dart slug!
A worm comes into view.
A ball python comes into view.
b - a +0 sling (weapon)
You shoot a sling bullet. The sling bullet hits the worm.
The worm is lightly wounded.
You shoot a sling bullet.
The sling bullet barely misses the worm.
You shoot a sling bullet. The sling bullet hits the worm.
The worm is lightly wounded.
You shoot a sling bullet. The sling bullet hits the worm.
The worm is lightly wounded.
You shoot a sling bullet. The sling bullet hits the worm.
The worm is lightly wounded.
You shoot a sling bullet.
The sling bullet hits the worm but does no damage.
The worm is lightly wounded.
You shoot a sling bullet. The sling bullet hits the worm!
The worm is moderately wounded.
You shoot a sling bullet. The sling bullet hits the worm.
The worm is heavily wounded.
You shoot a sling bullet. The sling bullet hits the worm.
The worm is heavily wounded.
You shoot a sling bullet.
The sling bullet completely misses the worm.
You shoot a sling bullet. The sling bullet hits the worm.
The worm is heavily wounded.
You shoot a sling bullet. The sling bullet hits the worm.
The worm is severely wounded.
You shoot a sling bullet. The sling bullet hits the worm!
The worm is almost dead.
You shoot a sling bullet. The sling bullet hits the worm.
You kill the worm!
A quokka comes into view.
You shoot a sling bullet. The sling bullet hits the quokka.
You kill the quokka!
No target in view!
z - a scroll labelled PORYM IMUHOMO
c - 5 scrolls labelled NAITHY EGOYPAA (gained 1)
You see here a quokka corpse.
k - 3 fizzy clear potions (gained 1)
You shoot a sling bullet.
The sling bullet hits the bat but does no damage.
You shoot a sling bullet.
The sling bullet closely misses the bat.
The bat hits you.
You shoot a sling bullet. The sling bullet hits the bat.
The bat is severely wounded.
The bat barely misses you.
You shoot a sling bullet.
The sling bullet closely misses the bat.
The bat hits you.
You shoot a sling bullet.
The sling bullet hits the bat but does no damage.
The bat is severely wounded.
The bat hits you.
You shoot a sling bullet. The sling bullet hits the bat.
You kill the bat!
You see here a bat corpse.
You shoot a sling bullet. The sling bullet hits the ball python.
You kill the ball python!
No target in view!
An orc comes into view. It is wielding a +0 hand axe.
You shoot a sling bullet. The sling bullet hits the orc.
The orc is moderately wounded.
You hear a shout! x2
An orc comes into view. It is wielding a +0 mace.
An orc comes into view. It is wielding a +0 war axe.
a - a +0 war axe (weapon)
Casting: Beastly Appendage (safe; 4% risk of failure)
Confirm with . or Enter, or press ? or * to list all spells.
One of your tentacles grows a vicious spike.
The orc shouts!
The orc hits you with a +0 mace.
You hit the orc. Your grab misses the orc.
You pierce the orc.
You kill the orc!
You slash the goblin!
You kill the goblin!
An orc priest comes into view. It is wielding a +0 short sword.
You closely miss the orc. Your grab misses the orc.
You pierce the orc, but do no damage.
An orc comes into view. It is wielding a +0 dagger.
The orc hits you with a +0 war axe. The orc hits you with a +0 war axe!
The orc moves out of view.
You hit the orc. You grab the orc.
The orc is moderately wounded.
You constrict the orc. The orc hits you with a +0 war axe!
* * * LOW HITPOINT WARNING * * *
You hit the orc.
You kill the orc!
The orc priest looks braver for a moment.
Aiming: Throw Flame
Press: ? - help, Shift-Dir - straight line, f - orc priest
Aim: an orc priest, wielding a +0 short sword (68% to hit)
The puff of flame hits the orc priest.
The orc priest is moderately wounded.
Aiming: Throw Flame
Press: ? - help, Shift-Dir - straight line, f/p - orc priest
Aim: an orc priest, wielding a +0 short sword (moderately wounded, 68% to hit)
The puff of flame hits the orc priest.
The orc priest is severely wounded.
Your transformation is almost over.
You closely miss the orc priest. You grab the orc priest.
You pierce the orc priest.
The orc priest is almost dead.
You constrict the orc priest.
You kill the orc priest!
Your Ice Magic skill increases to level 2!
You slash the orc!
You kill the orc!
You start resting.
Your tentacle spike disappears.
An orc is nearby!
You see here a bat corpse.
You start resting.
HP restored.
You see here a bat skeleton.
You see here 6 javelins.
A - 6 javelins
Items here: ))))) [ ÷÷.
B - a +0 dagger of electrocution You drop a +0 dagger.
Adjust to which letter? (? for menu, Esc to quit)
a - a +0 dagger of electrocution;
B - a +0 war axe (weapon)
You hear the crackle of electricity.
a - a +0 dagger of electrocution (weapon)
You closely miss the orc.
The orc shouts!
You grab the orc. You constrict the orc. The orc barely misses you.
Casting: Beastly Appendage (safe; 3% risk of failure)
Confirm with . or Enter, or press ? or * to list all spells.
One of your tentacles grows a vicious spike.
You constrict the orc. The orc hits you with a +0 hand axe.
You hit the orc.
You kill the orc!
A kobold is nearby!
Your +0 dagger of electrocution stops crackling.
b - a +0 sling (weapon)
You shoot a sling bullet.
The sling bullet barely misses the kobold.
You shoot a sling bullet. The sling bullet hits the kobold.
You kill the kobold!
Your transformation is almost over.
Things that are here:
a +0 hand axe; an orc corpse Your tentacle spike disappears.
Things that are here:
a +0 whip; a kobold corpse
Items here: ))))) [.
You open the door.
There is an open door here.
There is an open door here.
You now have 196 gold pieces (gained 10).
f - 2 fizzy red potions (gained 1)
You now have 215 gold pieces (gained 19).
There is an open door here.
You open the door.
There is an open door here.
A rat comes into view.
Found 3 poisoned darts.
You hear the crackle of electricity.
a - a +0 dagger of electrocution (weapon)
You see here 3 poisoned darts.
The helpless rat fails to defend itself.
You puncture the rat!
You kill the rat!
m - 11 poisoned darts (gained 3) Done exploring.
Search for what [Enter for "d:", or ? for help]? d: Unknown command.
There is a stone staircase leading down here.
Unknown command.
You climb downwards.
Found a scroll labelled YTUKOU ZOQOMADGH.
There is a stone staircase leading up here.
Your +0 dagger of electrocution stops crackling.
b - a +0 sling (weapon)
You shoot a sling bullet. The sling bullet hits the orc.
The orc shouts!
The orc is moderately wounded.
You hear a shout!
A hound comes into view.
A kobold comes into view.
It is wielding a +2 dagger of electrocution.
An ufetubus comes into view.
You hear a bark!
You shoot a sling bullet.
The sling bullet closely misses the orc.
The ufetubus shouts!
The kobold throws a stone.
The stone hits you.
An ufetubus opens the door.
A kobold breaks down the door.
Press: ? - help, v - describe, . - travel
Here: a kobold, wielding a +2 dagger of electrocution and quivering stones The floor.
Unknown command.
You hear the crackle of electricity.
a - a +0 dagger of electrocution (weapon)
Casting: Beastly Appendage (safe; 3% risk of failure)
Confirm with . or Enter, or press ? or * to list all spells.
One of your tentacles grows a vicious spike.
A dart slug comes into view.
Magic restored.
The orc hits you with a +0 mace!
You climb upwards.
There is a stone staircase leading down here.
You hit the orc. Your grab misses the orc. You tentacle-slap the orc.
You kill the orc!
Things that are here:
a +0 mace; a +0 leather armour; a +0 club Your transformation is almost over.
There is an open door here.
(D) Dungeon
Where to? (Enter - D:3 @ (x,y), ? - help)
Your tentacle spike disappears.
There is a stone staircase leading down here.
Your +0 dagger of electrocution stops crackling.
b - a +0 sling (weapon)
You start resting.
HP restored.
You climb downwards.
There is a stone staircase leading up here.
A hound comes into view.
You shoot a sling bullet. The sling bullet hits the hound.
The hound barks!
The hound is lightly wounded.
You shoot a sling bullet.
The sling bullet closely misses the hound.
You hear the crackle of electricity.
a - a +0 dagger of electrocution (weapon)
Casting: Beastly Appendage (safe; 3% risk of failure)
Confirm with . or Enter, or press ? or * to list all spells.
One of your tentacles grows a vicious spike.
The hound misses you.
You closely miss the hound. Your grab misses the hound.
The hound is lightly wounded.
The hound barely misses you.
You closely miss the hound. You grab the hound.
The hound is lightly wounded.
You constrict the hound. The hound bites you. x2
You barely miss the hound.
Your tentacle spike misses the hound.
The hound is moderately wounded.
You constrict the hound, but do no damage.
The hound misses you.
You hit the hound but do no damage.
You pierce the hound, but do no damage.
You squeeze the hound, but do no damage.
The hound is moderately wounded.
You constrict the hound. The hound bites you. x2
You hit the hound.
You pierce the hound.
The hound is almost dead.
You constrict the hound. The hound bites you.
You barely miss the hound.
The hound is almost dead.
You constrict the hound.
You kill the hound!
You have reached level 6!
Your transformation is almost over.
You start resting.
Your tentacle spike disappears.
HP restored.
Found a stone staircase leading down.
g - 3 scrolls labelled FOLECR FUZOOL (gained 1)
You see here a hound corpse.
Your +0 dagger of electrocution stops crackling.
b - a +0 sling (weapon)
q - a wand of flame (29) (gained 18 charges)
Found 5 stones.
There is a stone staircase leading up here.
As you read the scroll labelled NAITHY EGOYPAA, it crumbles to dust.
It is a scroll of identify.
d - a scroll of teleportation
As you read the scroll of identify, it crumbles to dust.
h - a scroll of summoning
As you read the scroll of identify, it crumbles to dust.
o - a scroll of blinking
As you read the scroll of identify, it crumbles to dust.
i - 3 potions of brilliance
As you read the scroll of identify, it crumbles to dust.
k - 3 potions of curing A dart slug comes into view.
You shoot a sling bullet. The sling bullet hits the dart slug.
The dart slug is lightly wounded.
You shoot a sling bullet.
The sling bullet hits the dart slug but does no damage.
The dart slug is lightly wounded.
You shoot a sling bullet. The sling bullet hits the dart slug.
The dart slug is lightly wounded.
You shoot a sling bullet. The sling bullet hits the dart slug.
The dart slug is moderately wounded.
You shoot a sling bullet.
The sling bullet barely misses the dart slug.
You hear the crackle of electricity.
a - a +0 dagger of electrocution (weapon)
You hit the dart slug.
Lightning courses through the dart slug!!
You kill the dart slug!
Your +0 dagger of electrocution stops crackling.
b - a +0 sling (weapon)
You see here a dart slug corpse.
c - a scroll of identify
As you read the scroll of identify, it crumbles to dust.
f - 2 potions of haste
m - 14 poisoned darts (gained 3)
A hobgoblin comes into view.
You shoot a sling bullet. The sling bullet hits the hobgoblin!
You kill the hobgoblin!
Found 4 stones.
An orc and a ball python come into view.
You shoot a sling bullet.
The sling bullet hits the orc but does no damage.
The orc shouts!
An orc comes into view. It is wielding a +0 short sword.
You shoot a sling bullet.
The sling bullet hits the orc but does no damage.
You shoot a sling bullet. The sling bullet barely misses the orc.
You shoot a sling bullet. The sling bullet barely misses the orc.
You hear the crackle of electricity.
a - a +0 dagger of electrocution (weapon)
The orc hits you with a +0 dagger.
You hit the orc but do no damage. Your grab misses the orc.
The orc barely misses you.
You hit the orc but do no damage. Your grab misses the orc.
Your squeeze misses the orc. The orc hits you with a +0 dagger.
You barely miss the orc. You grab the orc. You squeeze the orc.
The orc is severely wounded.
You constrict the orc, but do no damage.
The orc hits you with a +0 dagger.
You hit the orc but do no damage. Lightning courses through the orc!
You kill the orc!
You start resting.
HP restored.
Things that are here:
a +0 dagger; a +0 scale mail Your +0 dagger of electrocution stops crackling.
b - a +0 sling (weapon)
Things that are here:
a +0 dagger; a +0 scale mail An orc priest comes into view.
It is wielding a +0 club.
The orc priest shouts!
You hear an angry hiss.
You hear a shout!
You hear the crackle of electricity.
a - a +0 dagger of electrocution (weapon)
Casting: Beastly Appendage (safe; 3% risk of failure)
Confirm with . or Enter, or press ? or * to list all spells.
One of your tentacles grows a vicious spike.
Your transformation is almost over.
Casting: Beastly Appendage (safe; 3% risk of failure)
Confirm with . or Enter, or press ? or * to list all spells.
You extend your transformation's duration.
The orc shouts!
You hear an angry hiss.
You hit the orc priest but do no damage.
You grab the orc priest.
Your transformation is almost over.
You constrict the orc priest.
The orc priest mumbles some strange prayers to Beogh against you.
Beogh smites you!
You hit the orc priest.
You pierce the orc priest.
You squeeze the orc priest, but do no damage.
The orc priest is severely wounded.
You constrict the orc priest. The orc priest misses you.
You barely miss the orc priest. You squeeze the orc priest.
You kill the orc priest!
You hit the orc but do no damage. Your grab misses the orc.
Your tentacle spike misses the orc.
The orc hits you with a +0 short sword.
You hit the orc but do no damage. You grab the orc.
You pierce the orc, but do no damage.
You constrict the orc. The orc completely misses you.
You hit the orc but do no damage.
You pierce the orc, but do no damage.
You squeeze the orc.
The orc is heavily wounded.
You constrict the orc. The orc hits you with a +0 short sword.
You hit the orc but do no damage. Lightning courses through the orc!
You kill the orc!
An orc comes into view. It is wielding a +0 dagger.
The ball python bites you. The ball python misses you.
Your Transmutations skill increases to level 5!
You barely miss the ball python.
The orc shouts!
You grab the ball python.
You pierce the ball python.
You kill the ball python!
You hear a shout!
Your tentacle spike disappears.
Things that are here:
a +0 dagger; a +0 scale mail You start resting.
An orc comes into view. It is wielding a +0 mace.
Your +0 dagger of electrocution stops crackling.
b - a +0 sling (weapon)
You shoot a sling bullet.
The sling bullet completely misses the orc.
The orc shouts!
You shoot a sling bullet.
The sling bullet closely misses the orc.
You hear the crackle of electricity.
a - a +0 dagger of electrocution (weapon)
Casting: Beastly Appendage (safe; 2% risk of failure)
Confirm with . or Enter, or press ? or * to list all spells.
One of your tentacles grows a vicious spike.
You hit the orc. Lightning courses through the orc!
You kill the orc!
Your +0 dagger of electrocution stops crackling.
b - a +0 sling (weapon)
You start resting.
Your transformation is almost over.
Your tentacle spike disappears.
HP restored.
You see here 4 stones.
Found a stone staircase leading down.
The orc shouts!
You shoot a sling bullet.
The sling bullet closely misses the orc.
You shoot a sling bullet. The sling bullet hits the orc.
The orc is severely wounded.
You shoot a sling bullet.
The sling bullet hits the orc but does no damage.
The orc is severely wounded.
You hear the crackle of electricity.
a - a +0 dagger of electrocution (weapon)
You closely miss the orc. You grab the orc.
The orc is severely wounded.
You constrict the orc.
You kill the orc!
Your +0 dagger of electrocution stops crackling.
b - a +0 sling (weapon)
You see here a +0 dagger.
There is an open door here.
A jackal comes into view.
The jackal moves out of view.
c - a scroll of identify
As you read the scroll of identify, it crumbles to dust.
e - a potion of mutation A giant cockroach comes into view.
You shoot a sling bullet.
The sling bullet hits the giant cockroach.
The giant cockroach is almost dead.
You shoot a sling bullet.
The sling bullet hits the giant cockroach.
You kill the giant cockroach!
An ogre comes into view. It is wielding a +0 giant club.
There is a stone staircase leading down here.
r - 2 scrolls labelled REDONE RUJEALE (gained 1)
A jackal is nearby!
You shoot a sling bullet.
The sling bullet hits the jackal but does no damage.
You hear the crackle of electricity.
a - a +0 dagger of electrocution (weapon)
You hit the jackal but do no damage. You grab the jackal.
You constrict the jackal. The jackal bites you. The jackal misses you.
You hit the jackal.
The jackal is severely wounded.
You constrict the jackal, but do no damage.
The jackal bites you.
You hit the jackal. Lightning courses through the jackal!
You kill the jackal!
Your +0 dagger of electrocution stops crackling.
b - a +0 sling (weapon)
You start resting.
HP restored.
You see here a jackal corpse.
There is a stone staircase leading down here.
Found a stone staircase leading down.
A scorpion comes into view.
Found a lumpy jasper amulet.
A scorpion is nearby!
Found a stone staircase leading up.
You hear the crackle of electricity.
a - a +0 dagger of electrocution (weapon)
Throw: 14 darts (poison)
Press: ? - help, Q - select action, (/) - cycle Shift-Dir - straight line, f - scorpion
Aim: a scorpion (asleep, 98% to hit)
You throw a poisoned dart. The poisoned dart hits the scorpion.
The scorpion is poisoned.
Unknown command.
Throw: 13 darts (poison)
Press: ? - help, Q - select action, (/) - cycle Shift-Dir - straight line, f/p - scorpion
Aim: a scorpion (lightly wounded, poisoned, 56% to hit)
You throw a poisoned dart.
The poisoned dart closely misses the scorpion.
Unknown command.
Throw: 12 darts (poison)
Press: ? - help, Q - select action, (/) - cycle Shift-Dir - straight line, f/p - scorpion
Aim: a scorpion (lightly wounded, poisoned, 56% to hit)
You throw a poisoned dart.
The poisoned dart closely misses the scorpion.
Unknown command.
Throw: 11 darts (poison)
Press: ? - help, Q - select action, (/) - cycle Shift-Dir - straight line, f/p - scorpion
Aim: a scorpion (moderately wounded, poisoned, 56% to hit)
You throw a poisoned dart.
The poisoned dart closely misses the scorpion.
Unknown command.
Casting: Beastly Appendage (safe; 2% risk of failure)
Confirm with . or Enter, or press ? or * to list all spells.
One of your tentacles grows a vicious spike.
You hit the scorpion. You grab the scorpion.
The scorpion is heavily wounded.
You constrict the scorpion. The scorpion stings you.
You hit the scorpion.
The scorpion is severely wounded.
You constrict the scorpion.
The scorpion stings you but does no damage.
You hit the scorpion. Lightning courses through the scorpion!
You kill the scorpion!
You see here a scorpion corpse.
m - 12 poisoned darts (gained 2)
m - 13 poisoned darts (gained 1)
c - an amulet of regeneration Your transformation is almost over.
There are no items here.
You start removing your amulet.
You continue taking off your amulet of magic regeneration. x4
You finish taking off your amulet of magic regeneration.
You start putting on your amulet.
You continue putting on your amulet of regeneration. x3
Your tentacle spike disappears.
You continue putting on your amulet of regeneration. x2
You finish putting on your amulet of regeneration.
The amulet throbs as it attunes itself to your uninjured body.
c - an amulet of regeneration (around mantle)
Your +0 dagger of electrocution stops crackling.
b - a +0 sling (weapon)
You now have 231 gold pieces (gained 16).
An adder comes into view.
The adder hisses angrily.
You hear the crackle of electricity.
a - a +0 dagger of electrocution (weapon)
You barely miss the adder. You grab the adder.
You squeeze the adder, but do no damage.
You constrict the adder. The adder closely misses you.
You hit the adder. Lightning courses through the adder!
You kill the adder!
Your +0 dagger of electrocution stops crackling.
b - a +0 sling (weapon)
There is a stone staircase leading down here.
Found 6 stones.
You see here 6 stones.
Found a spear.
Things that are here:
a +0 short sword; a +0 leather armour; a +0 club Partly explored, can't reach some places.
You hear the crackle of electricity.
a - a +0 dagger of electrocution (weapon)
Really wriggle into a travel-excluded area?
Throw: 13 darts (poison)
Press: ? - help, Q - select action, (/) - cycle Shift-Dir - straight line, f - ogre
Aim: an ogre, wielding a +0 giant club (asleep, 98% to hit)
You throw a poisoned dart. The poisoned dart hits the ogre.
The ogre shouts!
Unknown command.
Throw: 12 darts (poison)
Press: ? - help, Q - select action, (/) - cycle Shift-Dir - straight line, f/p - ogre
Aim: an ogre, wielding a +0 giant club (72% to hit)
You throw a poisoned dart. The poisoned dart hits the ogre.
The ogre is poisoned.
Unknown command.
Throw: 11 darts (poison)
Press: ? - help, Q - select action, (/) - cycle Shift-Dir - straight line, f/p - ogre
Aim: an ogre, wielding a +0 giant club (lightly wounded, poisoned, 72% to hit)
You throw a poisoned dart. The poisoned dart hits the ogre.
The ogre looks even sicker.
The ogre is lightly wounded.
Throw: 10 darts (poison)
Press: ? - help, Q - select action, (/) - cycle Shift-Dir - straight line, f/p - ogre
Aim: an ogre, wielding a +0 giant club (lightly wounded, very poisoned, 72% to hit)
You throw a poisoned dart.
The poisoned dart barely misses the ogre.
Throw: 9 darts (poison)
Press: ? - help, Q - select action, (/) - cycle Shift-Dir - straight line, f/p - ogre
Aim: an ogre, wielding a +0 giant club (moderately wounded, poisoned, 72% to hit)
You throw a poisoned dart. The poisoned dart hits the ogre.
The ogre is moderately wounded.
Throw: 8 darts (poison)
Press: ? - help, Q - select action, (/) - cycle Shift-Dir - straight line, f/p - ogre
Aim: an ogre, wielding a +0 giant club (moderately wounded, poisoned, 72% to hit)
You throw a poisoned dart.
The poisoned dart barely misses the ogre.
The ogre looks more healthy.
You hit the ogre.
The ogre is heavily wounded.
The ogre barely misses you.
You hit the ogre. Lightning courses through the ogre!
The ogre is almost dead.
You barely miss the ogre.
You tentacle-slap the ogre, but do no damage.
You squeeze the ogre.
You kill the ogre!
Your Ice Magic skill increases to level 3!
You have reached level 7!
Okay, then.
Unknown command.
You see here a +0 giant club.
m - 8 poisoned darts (gained 1)
m - 9 poisoned darts (gained 1)
m - 10 poisoned darts (gained 1)
m - 11 poisoned darts (gained 1)
m - 13 poisoned darts (gained 2)
An adder comes into view.
Found a staircase to the Ecumenical Temple.
Your +0 dagger of electrocution stops crackling.
b - a +0 sling (weapon)
You shoot a sling bullet. The adder hisses angrily.
The sling bullet hits the adder.
The adder is heavily wounded.
You shoot a sling bullet. The sling bullet hits the adder.
The adder is heavily wounded.
You shoot a sling bullet. The sling bullet hits the adder!
You kill the adder!
Found a ring mail.
You see here an adder corpse.
There is a staircase to the Ecumenical Temple here.
You climb downwards.
Welcome to the Ecumenical Temple!
Found two altars.
There is a staircase back to the Dungeon here.
Found a glowing golden altar of the Shining One.
Found a hazy altar of Hepliaklqana and a shimmering altar of Xom.
Found a shadowy altar of Dithmenos.
Found a glowing silver altar of Zin and a hide-covered altar of Uskayaw.
Found a stormy altar of Qazlal.
Found an opulent altar of Gozag.
Found a broken altar of Ashenzari.
Found a blossoming altar of Fedhas.
Found a basalt altar of Yredelemnul.
Found a white marble altar of Elyvilon.
Found an iron altar of Okawaru and a burning altar of Makhleb.
There is a blossoming altar of Fedhas here.
Found a bloodstained altar of Trog.
Found a sparkling altar of Nemelex Xobeh.
Found a radiant altar of Vehumet.
Found a snail-covered altar of Cheibriados.
Done exploring.
Done exploring.
Unknown command.
There is a glowing golden altar of the Shining One here.
There is a staircase back to the Dungeon here.
You climb upwards.
Welcome back to the Dungeon!
There is a staircase to the Ecumenical Temple here.
There is a fountain of clear blue water here.
Found a sling.
You see here a +0 sling.
A kobold is nearby!
You shoot a sling bullet. The kobold shouts!
The sling bullet hits the kobold.
You kill the kobold!
You hear a bark!
You hear a shout! x2; You hear an angry hiss.
Found a scroll of identify.
An orc comes into view. It is wielding a +0 mace.
You shoot a sling bullet. The sling bullet hits the orc.
The orc is severely wounded.
You shoot a sling bullet. The sling bullet hits the orc.
You kill the orc!
You shoot a sling bullet.
The sling bullet barely misses the hound.
The hound barks!
You shoot a sling bullet.
The sling bullet hits the hound but does no damage.
You hear the crackle of electricity.
a - a +0 dagger of electrocution (weapon)
Casting: Beastly Appendage (safe; 2% risk of failure)
Confirm with . or Enter, or press ? or * to list all spells.
One of your tentacles grows a vicious spike.
The hound misses you. The hound bites you.
You hit the hound. Your grab misses the hound.
Your tentacle spike misses the hound.
Your tentacle-slap misses the hound.
Your squeeze misses the hound.
The hound is moderately wounded.
The hound misses you.
You hit the hound but do no damage. Your grab misses the hound.
You pierce the hound, but do no damage.
The hound is moderately wounded.
The hound closely misses you. The hound completely misses you.
You closely miss the hound. Your grab misses the hound.
The hound is lightly wounded.
The hound barely misses you.
You hit the hound. You grab the hound.
You pierce the hound.
The hound is heavily wounded.
You constrict the hound. The hound barely misses you. The hound misses you.
You hit the hound. Lightning courses through the hound!!
You kill the hound!
You start resting.
HP restored.
Your +0 dagger of electrocution stops crackling.
b - a +0 sling (weapon)
Items here: ! $ ( ) ? †.
x - a +2 dagger of electrocution Unknown command.
Adjust to which letter? (? for menu, Esc to quit)
a - a +2 dagger of electrocution;
x - a +0 dagger of electrocution You hear the crackle of electricity.
a - a +2 dagger of electrocution (weapon)
You catch the helpless dart slug completely off-guard!
You puncture the dart slug!
Lightning courses through the dart slug!
You kill the dart slug!
C - a grey potion;
h - 2 scrolls of summoning (gained 1)
You now have 235 gold pieces (gained 4).
Things that are here:
3 stones; a kobold corpse You see here a scroll labelled YTUKOU ZOQOMADGH.
D - a scroll labelled YTUKOU ZOQOMADGH You barely miss the ufetubus.
Your grab misses the ufetubus.
You pierce the ufetubus.
Your squeeze misses the ufetubus.
The ufetubus is heavily wounded.
Your transformation is almost over.
The ufetubus barely misses you. The ufetubus hits you.
You hit the ufetubus. Your grab misses the ufetubus.
The ufetubus is heavily wounded.
The ufetubus hits you. The ufetubus barely misses you.
The ufetubus hits you. x2
You hit the ufetubus.
You kill the ufetubus!
E - a scroll of identify You drop a +0 dagger of electrocution.
Okay, then.
Unknown command.
Unknown command.
As you read the scroll of identify, it crumbles to dust.
j - a potion of invisibility Your +2 dagger of electrocution stops crackling.
b - a +0 sling (weapon)
Your tentacle spike disappears.
You see here a hound corpse.
x - a scroll of identify
Things that are here:
a +0 mace; an orc corpse An adder comes into view.
You shoot a sling bullet.
The sling bullet barely misses the adder.
The adder hisses angrily.
You hear the crackle of electricity.
a - a +2 dagger of electrocution (weapon)
You closely miss the adder. Your grab misses the adder.
You tentacle-slap the adder. Your squeeze misses the adder.
The adder is lightly wounded.
The adder bites you. The adder closely misses you.
You hit the adder but do no damage. Your grab misses the adder.
The adder is lightly wounded.
The adder bites you.
You closely miss the adder. Your grab misses the adder.
The adder is lightly wounded.
The adder closely misses you.
You hit the adder. You grab the adder. You squeeze the adder.
The adder is heavily wounded.
You constrict the adder. The adder bites you.
You are poisoned.
The adder poisons you! The adder bites you.
You are more poisoned.
The adder poisons you!
You hit the adder. Your squeeze misses the adder.
The adder is almost dead.
You constrict the adder.
You kill the adder!
You feel very sick.
You start resting.
You feel sick. x7
You are no longer poisoned.
You start resting.
HP restored.
As you read the scroll of identify, it crumbles to dust.
l - a potion of ambrosia Your +2 dagger of electrocution stops crackling.
b - a +0 sling (weapon)
You see here an adder corpse.
There is a broken door here.
j - 2 potions of invisibility (gained 1)
There is a broken door here.
There is an open door here.
x - a scroll labelled DOUDIF OGIEPH
There is an open door here.
There is an open door here.
m - 17 poisoned darts (gained 4)
There is an open door here.
There is an open door here.
k - 4 potions of curing (gained 1)
There is an open door here.
x - 2 scrolls labelled DOUDIF OGIEPH (gained 1)
There is a broken door here.
Done exploring.
Search for what [Enter for "d:", or ? for help]? d: You see here a +0 giant club.
Things that are here:
a +0 club; a +0 leather armour; a +0 short sword
There is a stone staircase leading down here.
Unknown command.
You climb downwards.
Found a stone staircase leading up and a stone staircase leading down.
There is a stone staircase leading up here.
You hear the crackle of electricity.
a - a +2 dagger of electrocution (weapon)
The helpless orc fails to defend itself.
You puncture the orc! Lightning courses through the orc!
You kill the orc!
Your +2 dagger of electrocution stops crackling.
b - a +0 sling (weapon)
Found 3 stones.
A gnoll bouda comes into view. It is wielding a +0 whip.
You shoot a sling bullet. The sling bullet hits the gnoll bouda.
The gnoll bouda is lightly wounded.
A gnoll comes into view. It is wielding a +0 spear.
The gnoll bouda gazes fiercely through you!
You feel your attacks grow feeble.
An ogre comes into view. It is wielding a +0 giant spiked club.
The gnoll bouda barks out a call to the hunt!
Your attacks no longer feel as feeble.
There is a stone staircase leading up here.
You shoot a sling bullet.
The sling bullet hits the gnoll bouda but does no damage.
The gnoll bouda is lightly wounded.
You shoot a sling bullet. The gnoll shouts!
The sling bullet hits the gnoll bouda but does no damage.
The gnoll bouda is lightly wounded.
A gnoll comes into view. It is wielding a +0 spear. x2
You hear the crackle of electricity.
a - a +2 dagger of electrocution (weapon)
Casting: Beastly Appendage (safe; 1% risk of failure)
Confirm with . or Enter, or press ? or * to list all spells.
One of your tentacles grows a vicious spike.
The gnoll shouts! x2
An ufetubus comes into view.
The gnoll closely misses you.
The ufetubus moves out of view.
The gnoll hits you from afar with a +0 spear.
The gnoll bouda hits you with a +0 whip.
You climb upwards.
There is a stone staircase leading down here.
You hit the gnoll bouda. You grab the gnoll bouda. You squeeze the gnoll bouda.
The gnoll bouda is moderately wounded.
You constrict the gnoll bouda.
The gnoll bouda gazes fiercely through you!
You feel your attacks grow feeble.
The gnoll bouda hits you with a +0 whip!
You hit the gnoll bouda but do no damage.
You pierce the gnoll bouda, but do no damage.
You squeeze the gnoll bouda.
The gnoll bouda is heavily wounded.
You constrict the gnoll bouda. The gnoll bouda closely misses you.
You hit the gnoll bouda. You squeeze the gnoll bouda.
The gnoll bouda is almost dead.
You constrict the gnoll bouda. The gnoll bouda barely misses you.
You hit the gnoll bouda but do no damage.
Your tentacle spike misses the gnoll bouda.
You tentacle-slap the gnoll bouda.
You kill the gnoll bouda!
Your Transmutations skill increases to level 6!
Your transformation is almost over.
Things that are here:
a +0 whip; a +0 leather armour; a gnoll corpse Your attacks no longer feel as feeble.
There is a stone staircase leading down here.
You see here a +0 dagger.
There is an open door here.
Your tentacle spike disappears.
HP restored.
There is a stone staircase leading down here.
Unknown command.
Your +2 dagger of electrocution stops crackling.
b - a +0 sling (weapon)
You climb downwards.
Found 20 gold pieces.
There is a stone staircase leading up here.
You now have 255 gold pieces (gained 20).
i - 4 potions of brilliance (gained 1)
An adder comes into view.
You hear the crackle of electricity.
a - a +2 dagger of electrocution (weapon)
Casting: Beastly Appendage (safe; 1% risk of failure)
Confirm with . or Enter, or press ? or * to list all spells.
One of your tentacles grows a vicious spike.
The adder completely misses you.
You hit the adder. You grab the adder.
You pierce the adder.
You squeeze the adder.
You kill the adder!
Your +2 dagger of electrocution stops crackling.
b - a +0 sling (weapon)
Magic restored.
A gnoll is nearby!
You shoot a sling bullet.
The sling bullet closely misses the gnoll.
Your transformation is almost over.
You hear a shout! x3
The gnoll throws a throwing net.
The throwing net barely misses you.
You hear a shout! x2
The gnoll throws a throwing net.
The throwing net misses you.
You see here 2 throwing nets.
Your tentacle spike disappears.
There is a stone staircase leading up here.
You climb upwards.
There is a stone staircase leading down here.
There is an open door here.
You see here a +0 dagger.
There is a stone staircase leading down here.
You climb downwards.
The teleport trap disappears.
The kobold disappears!
There is a stone staircase leading up, spattered with blood here.
You hear the crackle of electricity.
a - a +2 dagger of electrocution (weapon)
Casting: Beastly Appendage (safe; 1% risk of failure)
Confirm with . or Enter, or press ? or * to list all spells.
One of your tentacles grows a vicious spike.
The gnoll hits you from afar with a +0 spear.
The gnoll hits you with a +0 spear!
You barely miss the gnoll. Your grab misses the gnoll.
Your tentacle spike misses the gnoll.
You squeeze the gnoll.
The gnoll is moderately wounded.
The gnoll closely misses you.
You hit the gnoll. You grab the gnoll.
You pierce the gnoll, but do no damage.
Your squeeze misses the gnoll.
The gnoll is moderately wounded.
You constrict the gnoll, but do no damage.
The gnoll closely misses you.
You hit the gnoll. Lightning courses through the gnoll!
You kill the gnoll!
Things that are here:
a +0 spear; 6 stones; a +3 ring mail
There is a stone staircase leading up, spattered with blood here.
Your +2 dagger of electrocution stops crackling.
b - a +0 sling (weapon)
You climb upwards.
There is a stone staircase leading down here.
You start resting.
HP restored.
You climb downwards.
Your transformation is almost over.
There is a stone staircase leading up, spattered with blood here.
A kobold comes into view. It is wielding a +0 short sword.
A kobold brigand comes into view.
It is wielding a +0 club and quivering poisoned darts.
The kobold shouts!
There is a stone staircase leading up, spattered with blood here.
You shoot a sling bullet.
The sling bullet hits the kobold but does no damage.
A kobold brigand comes into view.
It is wielding a +0 short sword and quivering curare-tipped darts.
The kobold brigand moves out of view.
You shoot a sling bullet. The sling bullet hits the kobold.
You kill the kobold!
A kobold comes into view. It is wielding a +0 whip.
You shoot a sling bullet.
The sling bullet barely misses the kobold.
The kobold throws a stone.
The stone hits you.
You shoot a sling bullet. The sling bullet hits the kobold.
You kill the kobold!
No target in view!
Your tentacle spike disappears.
There is a stone staircase leading down here.
A kobold brigand is nearby!
You shoot a sling bullet.
The sling bullet barely misses the kobold brigand.
The kobold brigand shouts!
The kobold brigand throws a curare-tipped dart.
The curare-tipped dart barely misses you.
You shoot a sling bullet.
The sling bullet misses the kobold brigand.
The kobold brigand throws a curare-tipped dart.
The curare-tipped dart barely misses you.
You shoot a sling bullet.
The sling bullet barely misses the kobold brigand.
The kobold brigand shouts!
The kobold brigand throws a curare-tipped dart.
The curare-tipped dart misses you.
There is a stone staircase leading down here.
The kobold brigand throws a curare-tipped dart.
The curare-tipped dart hits you.
You are poisoned.
You have difficulty breathing.
You feel yourself slow down.
You feel very sick.
You see here a +0 short sword.
You feel very sick.
You feel very sick.
The kobold brigand throws a curare-tipped dart.
The curare-tipped dart hits you.
You are more poisoned.
You have difficulty breathing.
You feel as though you will be slow longer.
Things that are here:
a +3 ring mail; 6 stones; a +0 spear
As you read the scroll of summoning, it crumbles to dust.
Wisps of shadow whirl around you...
You feel very sick. The gnoll completely misses you.
The kobold brigand hits you with a +0 club.
* * * LOW HITPOINT WARNING * * *
The kobold brigand barely misses your phantom.
You feel better.
The kobold brigand hits you with a +0 club.
The kobold brigand hits your phantom with a +0 short sword.
The gnoll closely misses you.
Your orc hits the gnoll with a +0 war axe.
Your orc closely misses the kobold brigand.
Your phantom hits the kobold brigand.
Your phantom blinks!
The kobold brigand blinks!
Your orc barely misses the gnoll.
Your hound bites the gnoll but does no damage.
The gnoll completely misses you.
The gnoll hits you from afar with a +0 spear.
* * * LOW HITPOINT WARNING * * *
Your hound bites the gnoll but does no damage.
Your orc hits the kobold brigand with a +0 war axe.
Your orc hits the gnoll but does no damage.
Your orc wizard hits the kobold brigand with a +0 dagger.
The kobold brigand hits you with a +0 short sword.
* * * LOW HITPOINT WARNING * * *
The gnoll misses your orc wizard.
The gnoll hits you from afar with a +0 spear!
You die...

Skill      XL: |  1  2  3  4  5  6  7 |
---------------+----------------------+-----
Stealth        | 1 3 4 |  4.0
Transmutations | 3 4 5 6 |  6.1
Ice Magic      | 1 2 3 |  3.4
Fighting       | |  1.0
Dodging        | |  2.0
Unarmed Combat | |  3.0
Spellcasting   | |  2.0

Action                   |  1- 3 |  4- 6 |  7- 9 || total
-------------------------+-------+-------+-------++-------
Melee: Unarmed           |    63 |       |       ||    63
       Tentacles         |    21 |     8 |     6 ||    35
       Constrict         |    27 |    16 |     5 ||    48
       Kick              |    21 |    11 |     6 ||    38
       War axe           |    30 |    23 |       ||    53
       Punch             |     1 |     2 |     2 ||     5
       Dagger            |       |    36 |    23 ||    59
 Fire: Sling             |    11 |    51 |    20 ||    82
Throw: Dart              |     2 |    10 |       ||    12
 Cast: Beastly Appendage |    16 |    12 |     4 ||    32
Evoke: Wand              |       |     5 |       ||     5
  Use: Scroll            |       |     7 |     3 ||    10
       Potion            |       |       |     1 ||     1
 Stab: Sleeping          |     7 |     5 |     1 ||    13
       Distracted        |       |       |     1 ||     1
Armor: Skin              |     3 |     2 |       ||     5
Dodge: Dodged            |    47 |    23 |    25 ||    95

Levels and vault maps discovered:
D:1:      minmay_arrival_open_corners, layout_loops_ring, serial_forest,
          infiniplex_forest_end_1, infiniplex_forest_straight_3,
          infiniplex_forest_straight_3, infiniplex_forest_straight_5,
          infiniplex_forest_straight_3, infiniplex_forest_lined_3,
          infiniplex_forest_straight_5, infiniplex_forest_corner_1,
          infiniplex_forest_clump_long, infiniplex_forest_lined_3,
          chequers_arboretum
D:2:      layout_basic, hellmonk_ecumenical_altar_arch_garden,
          chequers_serial_rivers_small_b
D:3:      layout_basic, serial_rivers, chequers_serial_rivers_room_a,
          chequers_serial_rivers_micro_a, chequers_serial_rivers_large_b,
          chequers_serial_rivers_micro_c, chequers_serial_rivers_room_b,
          chequers_serial_rivers_small_a, bh_walls_and_bars
D:4:      layout_basic, minmay_temple_entry_large_hall,
          minmay_fractal_squares_diagonal_5
D:5:      cheibrodos_fertilizer, layout_rooms
Temple:   nicolae_temple_bog_church

Notes
Turn   | Place    | Note
-------+----------+-------------------------------------------
     0 | D:1      | scionoferis the Octopode Transmuter began the quest for the
                  | Orb.
     0 | D:1      | Reached XP level 1. HP: 13/13 MP: 3/3
    82 | D:1      | Reached skill level 1 in Stealth
   203 | D:1      | Reached XP level 2. HP: 16/18 MP: 3/5
   204 | D:1      | Reached skill level 2 in Stealth
  1120 | D:2      | Learned a level 2 spell: Wereblood
  1142 | D:2      | Reached skill level 3 in Stealth
  1142 | D:2      | Reached XP level 3. HP: 14/23 MP: 4/6
  1360 | D:2      | Found a faded altar of an unknown god.
  2043 | D:3      | Reached skill level 4 in Stealth
  2047 | D:3      | Noticed a phantom
  2049 | D:3      | Reached skill level 3 in Transmutations
  2049 | D:3      | Reached XP level 4. HP: 28/28 MP: 7/7
  2064 | D:3      | Learned a level 4 spell: Ice Form
  2071 | D:3      | Killed a phantom
  2072 | D:3      | Reached skill level 1 in Ice Magic
  2072 | D:3      | Reached XP level 5. HP: 33/33 MP: 8/8
  2156 | D:3      | Reached skill level 4 in Transmutations
  2948 | D:3      | Reached skill level 2 in Ice Magic
  3694 | D:4      | Reached XP level 6. HP: 16/38 MP: 9/9
  4117 | D:4      | Reached skill level 5 in Transmutations
  4888 | D:4      | Reached skill level 3 in Ice Magic
  4888 | D:4      | Reached XP level 7. HP: 43/43 MP: 10/10
  4912 | D:4      | Found a staircase to the Ecumenical Temple.
  4925 | Temple   | Entered the Ecumenical Temple
  5383 | D:5      | Entered Level 5 of the Dungeon
  5407 | D:4      | Reached skill level 6 in Transmutations
  5651 | D:5      | Slain by a gnoll

Vanquished Creatures
  An ogre (D:4)
  A phantom (D:3)
  A scorpion (D:4)
  2 hounds (D:4)
  2 orc priests (D:3 D:4)
  A gnoll bouda (D:4)
  A gnoll (D:5)
  7 adders (D:3 D:4 D:5)
  An ufetubus (D:4)
  3 worms (D:2 D:3)
  3 dart slugs (D:3 D:4)
  11 orcs (D:3 D:4 D:5)
  5 ball pythons (D:1 D:3 D:4)
  5 bats (D:1 D:3)
  5 endoplasms (D:1 D:2 D:3)
  2 giant cockroaches (D:1 D:4)
  4 goblins (D:1 D:3)
  6 hobgoblins (D:1 D:2 D:3 D:4)
  11 jackals (D:1 D:2 D:4)
  6 kobolds (D:2 D:3 D:4 D:5)
  4 quokkas (D:2 D:3)
  4 frilled lizards (D:1 D:3)
  4 rats (D:1 D:2 D:3)
90 creatures vanquished.

Vanquished Creatures (others)
  2 plants (D:1)
  7 toadstools (D:5)
9 creatures vanquished.

Grand Total: 99 creatures vanquished

Table legend: (Time is in decaauts)
 A = Elapsed time spent in this place.
 B = Non-inter-level travel time spent in this place.
 C = Inter-level travel time spent in this place.
 D = Time resting spent in this place.
 E = Time spent auto-exploring this place.
 F = Levels seen in this place.
 G = Mean time per level.
                   A        B        C        D        E       F      G
               +--------+--------+--------+--------+--------+-----+--------+
         Total |   5679 |   5415 |    264 |   1201 |   3055 |   6 |  946.5 |
       Dungeon |   5548 |   5310 |    238 |   1201 |   2967 |   5 | 1109.6 |
        Temple |    130 |    104 |     26 |      0 |     88 |   1 |  130.0 |
               +--------+--------+--------+--------+--------+-----+--------+

Top non-repeatable levels by time:
     D:3: 1740 daAuts
     D:4: 1682 daAuts
     D:1: 1241 daAuts
     D:2: 699 daAuts
     D:5: 184 daAuts
  Temple: 130 daAuts

Table legend:
 A = Non-vault XP
 B = Vault XP
 C = Vault XP percentage of total XP
 D = Non-vault monster count
 E = Vault monster count
 F = Vault count percentage of total count
                 A         B        C        D         E       F
            +---------+---------+-------+---------+---------+-------
      Total |     722 |      54 |   7.0 |      84 |       6 |   6.7
            +---------+---------+-------+---------+---------+-------
        D:1 |      30 |       0 |   0.0 |      17 |       0 |   0.0
        D:2 |      37 |       0 |   0.0 |      17 |       0 |   0.0
        D:3 |     235 |       3 |   1.3 |      28 |       1 |   3.4
        D:4 |     390 |      49 |  11.2 |      19 |       3 |  13.6
        D:5 |      30 |       2 |   6.2 |       3 |       2 |  40.0
            +---------+---------+-------+---------+---------+-------
